 Dungeon Crawl Stone Soup version 0.15-a0-368-g875a5fb (webtiles) character file.

69 4tharraofdagon the Magician (level 2, -2/21 HPs)
             Began as a Demonspawn Wanderer on May 4, 2014.
             Slain by Crazy Yiuf
             ... wielding a +3,+4 quarterstaff of chaos
              (5 damage)
             ... on Level 2 of the Dungeon.
             The game lasted 00:02:24 (368 turns).

4tharraofdagon the Magician (Demonspawn Wanderer)    Turns: 368, Time: 00:02:24

HP  -2/21        AC  4     Str 11      XL: 2   Next: 79%
MP   3/6         EV 11     Int 18      God:
Gold 45          SH  0     Dex 11      Spells:  2 memorised,  4 levels left

rFire  . . .     SeeInvis .     l - +1,+0 dagger (drain)
rCold  . . .     Clarity  .     b - +0 robe
rNeg   . . .     Conserve .     (no shield)
rPois  +         rCorr    .     (no helmet)
rElec  .         rRot     .     (no cloak)
SustAb . .       Spirit   .     (no gloves)
rMut   .         Warding  .     m - +1 pair of boots
Saprov . . .     Stasis   .     (no amulet)
MR     .....                    i - +3 ring of intelligence
                                g - ring of poison resistance

@: invisible, very slightly contaminated, not resistant to hostile enchantments,
very unstealthy
A: claws 1
a: no special abilities


You were on level 2 of the Dungeon.
You were not hungry.

You visited 1 branch of the dungeon, and saw 2 of its levels.

You collected 45 gold pieces.

Inventory:

Hand weapons
 c - a +0,+0 club
 l - a +1,+0 dagger of draining (weapon)
Armour
 b - a +0 robe (worn)
 m - a +1 pair of boots (worn)
Comestibles
 d - 2 bread rations
 j - 2 meat rations
Scrolls
 e - a scroll of identify {unknown}
 h - a scroll of immolation {unknown}
Jewellery
 g - a ring of poison resistance (left claw)
 i - a +3 ring of intelligence (right claw)
Potions
 f - a potion of curing
 k - a potion of degeneration {unknown}
Books
 a - a book of Minor Magic

   Spells                             Type                      Level
   *Magic Dart                        Conjuration                  1
   Blink                              Translocation                2
   *Call Imp                          Summoning                    2
   Repel Missiles                     Charms/Air                   2
   Slow                               Hexes                        2
   Conjure Flame                      Conjuration/Fire             3
   Mephitic Cloud                     Conjuration/Poison/Air       3


   Skills:
 + Level 1.5 Fighting
   Level 1.0 Crossbows
 - Level 1.0 Armour
 * Level 1.2 Unarmed Combat
 + Level 3.1 Spellcasting
 * Level 1.5 Conjurations
   Level 1.0 Earth Magic
   Level 2.4 Invocations


You had 4 spell levels left.
You knew the following spells:

 Your Spells              Type           Power        Failure   Level  Hunger
a - Magic Dart            Conj           #...         12%         1    None
b - Call Imp              Summ           #.......     28%         2    ##.....


Dungeon Overview and Level Annotations

Branches:
Dungeon (2/15)

Altars:

Annotations:
D:2 Crazy Yiuf


Innate Abilities, Weirdness & Mutations

You have sharp fingernails.


Message History

Unknown command.
Unknown command.
You closely miss Crazy Yiuf.
Crazy Yiuf is severely wounded.
Your white imp hits Crazy Yiuf but does no damage.
Crazy Yiuf closely misses you.
Unknown command.
Unknown command.
Your white imp hits Crazy Yiuf.
Your white imp freezes Crazy Yiuf.
Crazy Yiuf hits you with a quarterstaff of chaos.
* * * LOW HITPOINT WARNING * * *
Crazy Yiuf freezes you.
* * * LOW HITPOINT WARNING * * *
Unknown command.
Unknown command.
You miss Crazy Yiuf.
Crazy Yiuf is almost dead.
Your white imp hits Crazy Yiuf but does no damage.
Crazy Yiuf hits you with a quarterstaff of chaos.
You die...

. .## .## #g# ..# #.## #.#
##+### ##.# #.# ####....#
##.## #####.####>.'....#
##...# ........##.##....#
#....# ........##.##....#
#....#
...........##...@####....#
........#####....g......##
........# #<..5......##
).......# #.....<..###
........# #........#
........# #........#
........# #.....[..#
.######## #........# ##
##########


You could see Crazy Yiuf and a friendly white imp.

Vanquished Creatures
  An adder (D:2)
  A giant gecko (D:2)
  An ooze (D:2)
  3 bats
  A giant cockroach (D:1)
  2 goblins (D:2)
  A giant newt (D:2)
  2 kobolds
  2 rats (D:2)
14 creatures vanquished.

Notes
Turn   | Place    | Note
--------------------------------------------------------------
     0 | D:1      | 4tharraofdagon, the Demonspawn Wanderer, began the quest for the Orb.
     0 | D:1      | Reached XP level 1. HP: 15/15 MP: 4/4
   128 | D:1      | Gained mutation: You have sharp fingernails. [demonic ancestry]
   128 | D:1      | Reached XP level 2. HP: 15/21 MP: 1/6
   261 | D:2      | Reached skill level 1 in Unarmed Combat
   344 | D:2      | Noticed Crazy Yiuf
   348 | D:2      | Learned a level 2 spell: Call Imp
   368 | D:2      | Slain by Crazy Yiuf

Action                   || total
-------------------------++-------
Melee: Club              ||    38
       Dagger            ||     7
 Cast: Magic Dart        ||    25
       Call Imp          ||     1
  Use: Potion            ||     1
 Stab: Invisible         ||     1
